 Dungeon Crawl Stone Soup version 0.30-a0-451-ge042605de7 (webtiles) character file.

Game seed: 11070008981767917611

21 cforsyth the Chopper (level 2, -5/27 HPs)
             Began as a Minotaur Berserker on Dec 11, 2022.
             Was a Follower of Trog.
             Splashed by a jelly's acid (9 damage)
             ... on level 2 of the Dungeon.
             The game lasted 00:00:58 (572 turns).

cforsyth the Chopper (Minotaur Berserker)            Turns: 572, Time: 00:00:59

Health: -5/27      AC:  0    Str: 21    XL:     2   Next: 62%
Magic:  1/1        EV: 12    Int:  4    God:    Trog [*.....]
Gold:   15         SH:  0    Dex:  9    Spells: 1/1 levels left

rFire   . . .      SeeInvis .    a - +0 hand axe
rCold   . . .      Faith    .    (no shield)
rNeg    . . .      Spirit   .    b - +0 animal skin
rPois   .          Reflect  .    (helmet restricted)
rElec   .          Harm     .    (no cloak)
rCorr   .          Rampage  .    (no gloves)
Will    .....                    l - +0 pair of boots
Stlth   +.........               (no amulet)
HPRegen 0.24/turn                (no ring)
MPRegen 0.07/turn                (no ring)

@: corroded
A: horns 2, retaliatory headbutt
a: Renounce Religion, Berserk


You were on level 2 of the Dungeon.
You worshipped Trog.
Trog was aware of your devotion.
You visited 1 branch of the dungeon, and saw 2 of its levels.

You collected 15 gold pieces.

Inventory:

Hand Weapons
 a - a +0 hand axe (weapon)
Armour
 b - a +0 animal skin (worn)
 l - a +0 pair of boots (worn)
Jewellery
 g - a ring of flight
Scrolls
 c - 4 scrolls of immolation {unknown}
 e - a scroll of brand weapon {unknown}
 h - a scroll of teleportation {unknown}
 m - a scroll of poison {unknown}
 n - a scroll of amnesia {unknown}
Potions
 d - 3 potions of curing {unknown}
 f - a potion of mutation {unknown}
 i - a potion of haste {unknown}
 j - a potion of attraction {unknown}
 k - a potion of ambrosia {unknown}


   Skills:
 + Level 3.9 Fighting
 + Level 3.9 Axes
 + Level 2.9 Armour
 + Level 2.6 Dodging


You had one spell level left.
You didn't know any spells.
Your spell library was empty.

Dungeon Overview and Level Annotations

Branches:
Dungeon (2/15)

Altars:


Innate Abilities, Weirdness & Mutations

You have a pair of horns on your head.
You reflexively headbutt those who attack you in melee.


Message History

The endoplasm hits the fungus.
Unknown command.
Unknown command.
You hit the jelly. The acid corrodes you!
Your hands burn!
The jelly is lightly wounded.
You hit the fungus. You hit the endoplasm.
You kill the endoplasm!
Trog accepts your kill.
The endoplasm quivers.
The endoplasm hits the toadstool.
The jelly hits the fungus.
The fungus is splashed with acid.
The jelly hits the fungus.
The fungus is splashed with acid.
The fungus seems to be corroded for longer.
The jelly closely misses you.
Unknown command.
Unknown command.
Unknown command.
You hit the jelly but do no damage.
Your hands burn!
The jelly is lightly wounded.
You barely miss the endoplasm. You hit the fungus but do no damage.
A nearby fungus withers and dies. x2; The jelly hits the fungus.
The fungus is splashed with acid!
The fungus seems to be corroded for longer.
The jelly barely misses you.
The endoplasm hits the toadstool.
The toadstool is destroyed!
The endoplasm barely misses you.
Unknown command.
Unknown command.
The jelly attacks as you move away! The jelly hits you. The acid corrodes you!
You are splashed with acid!
* * * LOW HITPOINT WARNING * * *
Unknown command.
Things that are here:
a +0 short sword; a stone You hit the jelly but do no damage.
Your hands burn!
* * * LOW HITPOINT WARNING * * *
The jelly hits you.
* * * LOW HITPOINT WARNING * * *
You are splashed with acid!
You die...

#.###########
#.##...P..÷P$
#.##...P.P... #
#.##.P.....÷. ###.
#.##.J.P÷..P÷
....####.##.J...PJP.
.........##J.J.JPJ..
.........# #J#######
.........#
##JJJ@..##
.....(...#
########.#
.........#
#....'..##
##.......# #....####
........## #.......#
#.>.....####.......#
#######...##.......#
###.##.......#
#.###.)...##


You could see 2 jellies and 2 endoplasms.

Vanquished Creatures
  2 endoplasms (D:2)
  4 goblins
  A hobgoblin (D:1)
  10 kobolds
  A quokka (D:1)
  A bat (D:1)
  2 rats (D:1)
21 creatures vanquished.

Vanquished Creatures (others)
  3 fungi (D:2)
  4 toadstools (D:2)
7 creatures vanquished.

Grand Total: 28 creatures vanquished

Notes
Turn   | Place    | Note
-------+----------+-------------------------------------------
     0 | D:1      | cforsyth the Minotaur Berserker began the quest for the
                  | Orb.
     0 | D:1      | Reached XP level 1. HP: 19/19 MP: 0/0
    74 | D:1      | Found a faded altar of an unknown god.
   297 | D:1      | Reached XP level 2. HP: 27/27 MP: 1/1
   572 | D:2      | Splashed by a jelly's acid

Illustrated notes

Levels and vault maps discovered:
D:1:      eino_arrival_tree_alley, layout_rooms,
          hellmonk_ecumenical_altar_run_dry, supply_closet_lemuel
D:2:      cheibrodos_fertilizer, layout_basic, dreamdust_mushroom_princess,
          uniq_crazy_yiuf_cottage

Action                   || total
-------------------------++-------
Melee: Hand axe          ||    30
       Headbutt          ||     3
 Stab: Sleeping          ||     1
Armor: Animal skin       ||     9
Dodge: Dodged            ||    21

Table legend: (Time is in decaauts)
 A = Elapsed time spent in this place.
 B = Non-inter-level travel time spent in this place.
 C = Inter-level travel time spent in this place.
 D = Time resting spent in this place.
 E = Time spent auto-exploring this place.
 F = Levels seen in this place.
 G = Mean time per level.
                   A        B        C        D        E       F      G
               +--------+--------+--------+--------+--------+-----+--------+
         Total |    574 |    552 |     22 |      0 |    437 |   2 |  287.0 |
       Dungeon |    574 |    552 |     22 |      0 |    437 |   2 |  287.0 |
               +--------+--------+--------+--------+--------+-----+--------+

Top non-repeatable levels by time:
     D:1: 423 daAuts
     D:2: 151 daAuts
